 Dungeon Crawl Stone Soup version 0.28.0-47-ge53b351184 (webtiles) character file.

Game seed: 721503294353587620

7779 101zpm the Thaumaturge (level 11, -3/66 HPs)
             Began as a Djinni Fire Elementalist on May 1, 2022.
             Was a Plaything of Xom.
             Killed by an exploding sixfirhy (14 damage)
             ... ignited by their inner flame
             ... on level 6 of the Dungeon.
             The game lasted 00:50:28 (15472 turns).

101zpm the Thaumaturge (Djinni Fire Elementalist)  Turns: 15472, Time: 00:50:29

Health: -3/66      AC:  7    Str:  4    XL:     11   Next: 43%
Gold:   382        EV: 17    Int: 22    God:    Xom [.....*] SH:  0 Dex: 13

rFire   + + .      SeeInvis +   h - +7 falchion of Jocular Reinforcement {freeze, rN+ rCorr}
rCold   x . .      Faith    .   I - orb {*Rage}
rNeg    + + .      Spirit   .   K - +2 robe of Haunap {Rampage rPois Regen+ Str-5}
rPois   ∞          Reflect  .   F - +2 helmet
rElec   .          Harm     .   (no cloak)
rCorr   +          Rampage  +   p - +0 pair of gloves
Will    +....      Rage     20% (boots unavailable)
Stlth   +++.......              (no amulet)
HPRegen 1.01/turn               A - +4 ring of evasion
MPRegen 0.00/turn               b - ring of positive energy

@: flying
A: sickness immunity, fire resistance 2, cold vulnerability 1, float, innate
caster, HP casting, extra vitality 1, camouflage 1, see invisible, deformed
body, mutation resistance 1, strong 1, no potion heal 1
a: Renounce Religion


You were on level 6 of the Dungeon.
You worshipped Xom.
You were Xom's teddy bear.
You visited 2 branches of the dungeon, and saw 11 of its levels.

You collected 502 gold pieces.
You spent 120 gold pieces at shops.

Inventory:

Hand Weapons
 h - the +7 falchion of Jocular Reinforcement (weapon) {freeze, rN+ rCorr}
   (You took it off a kobold on level 2 of the Dungeon)

   It freezes those it strikes, dealing additional cold damage.
   It can also slow down cold-blooded creatures.
   rN:        It protects you from negative energy.
   rCorr:     It protects you from acid and corrosion.
Missiles
 a - 49 bolts
 o - 2 throwing nets
 G - 3 silver javelins
 H - 14 silver boomerangs
Armour
 p - a +0 pair of gloves (worn)
 y - the +1 robe of Fortitude {+Blink rN+ rCorr}
   (You found it on level 6 of the Dungeon)

   rN:        It protects you from negative energy.
   +Blink:    It lets you blink.
   rCorr:     It protects you from acid and corrosion.
 F - a +2 helmet (worn)
 I - an orb of wrath (worn)
 K - the +2 robe of Haunap (worn) {Rampage rPois Regen+ Str-5}
   (You found it on level 10 of the Dungeon)

   Str:       It affects your strength (-5).
   rPois:     It protects you from poison.
   Regen:     It increases your rate of health regeneration.
   Rampage:   It bestows one free step when moving towards enemies.
Magical Staves
 q - a staff of fire
Jewellery
 b - a ring of positive energy (right hand)
 A - a +4 ring of evasion (left hand)
 D - a ring of resist corrosion
Wands
 m - a wand of flame (29)
Scrolls
 c - a scroll of holy word
 e - 3 scrolls of noise
 f - 4 scrolls of vulnerability
 i - 2 scrolls of teleportation
 j - a scroll of silence {unknown}
 l - a scroll of enchant weapon {unknown}
 n - 2 scrolls of enchant armour {unknown}
 t - a scroll of torment {unknown}
 u - 2 scrolls of fog
 w - 3 scrolls of fear
 x - 3 scrolls of blinking {unknown}
 C - a scroll of magic mapping {unknown}
 E - 2 scrolls of amnesia {unknown}
Potions
 d - 3 potions of lignification {unknown}
 g - 3 potions of might {unknown}
 k - 3 potions of attraction {unknown}
 r - 4 potions of curing
 s - a potion of flight {unknown}
 v - a potion of brilliance {unknown}
 z - 2 potions of heal wounds {unknown}
 B - a potion of degeneration {unknown}
 J - 2 potions of cancellation {unknown}
 L - a potion of mutation {unknown}


   Skills:
 + Level 0.9 Fighting
 + Level 4.1 Dodging
 + Level 3.7 Stealth
 + Level 12.7 Spellcasting
 + Level 0.4 Evocations


You had 7 spell levels left.
You knew the following spells:

 Your Spells              Type           Power      Damage    Failure   Level
a - Foxfire               Conj/Fire      100%       2x1d9     1%          1
b - Scorch                Fire           100%       2d10      1%          2
c - Conjure Flame         Conj/Fire      63%        6-21      1%          3
d - Inner Flame           Hex/Fire       63%        N/A       1%          3
e - Flame Wave            Conj/Fire      63%        2d12      1%          4
f - Magic Dart            Conj           100%       1d8       1%          1
g - Searing Ray           Conj           100%       2d8       1%          2
h - Lesser Beckoning      Tloc           63%        N/A       1%          3
i - Olgreb's Toxic Radia  Pois           63%        N/A       1%          4
j - Summon Forest         Summ/Tloc      31%        N/A       1%          5
Your spell library was empty.

Dungeon Overview and Level Annotations

Branches:
Dungeon (10/15)            Temple (1/1) D:4
   Lair: D:8-11         Orc: D:9-12

Altars:
Ashenzari
Cheibriados
Dithmenos
Elyvilon
Fedhas
Gozag
Hepliaklqana
Kikubaaqudgha
Makhleb
Nemelex Xobeh
Okawaru
Qazlal
Ru
Sif Muna
Trog
Uskayaw
Vehumet
Wu Jian
Xom
Yredelemnul
Zin
The Shining One
Ignis

Shops:
D:6 (   D:9 *   D:10 *

Annotations:
D:2 1 runed translucent door, Crazy Yiuf


Innate Abilities, Weirdness & Mutations

You are immune to sickness and miasma.
You are immune to poison.
Your flesh is very heat resistant. (rF++)
You are vulnerable to cold. (rC-)
You float through the air rather than walking.
You learn spells naturally, not from books.
Your magical power is your life essence.
You have superior vitality. (+4 MHP)
Your skin changes colour to match your surroundings (Stealth+).
You have supernaturally acute eyesight. (SInv)
Armour fits poorly on your strangely shaped body.
You are somewhat resistant to further mutation.
Your muscles are strong. (Str +2)
Potions are less effective at restoring your health.


Message History

The foxfire hits the sixfirhy.
Flame seeps out of the sixfirhy.
The sixfirhy is lightly wounded.
The sixfirhy is engulfed in blazing flames.
Flame seeps out of the sixfirhy.
The sixfirhy barely misses you.
The foxfire hits the sixfirhy.
Flame seeps out of the sixfirhy.
The sixfirhy is moderately wounded.
The sixfirhy is engulfed in blazing flames.
Flame seeps out of the sixfirhy.
The sixfirhy hits you. The sixfirhy shocks you!
The sixfirhy is engulfed in blazing flames.
Flame seeps out of the sixfirhy.
The sixfirhy hits you. The sixfirhy shocks you!
* * * LOW HITPOINT WARNING * * *
The sixfirhy is engulfed in blazing flames.
Flame seeps out of the sixfirhy.
The sixfirhy hits you but does no damage.
Casting: Inner Flame (safe; 1% risk of failure)
Confirm with . or Enter, or press ? or * to list all spells.
Casting: Flame Wave (safe; 1% risk of failure)
Press: ? - help, Dir - look around, f - activate A wave of flame ripples out!
The flame wave engulfs the sixfirhy.
Flame seeps out of the sixfirhy.
The sixfirhy is severely wounded. (Press . to intensify the flame waves.)
* * * LOW HITPOINT WARNING * * *
You hear a chilling moan.
The sixfirhy is engulfed in blazing flames.
Flame seeps out of the sixfirhy.
The sixfirhy is engulfed in blazing flames.
Flame seeps out of the sixfirhy.
The sixfirhy is engulfed in blazing flames.
Flame seeps out of the sixfirhy.
The sixfirhy is engulfed in blazing flames.
Flame seeps out of the sixfirhy.
The sixfirhy is engulfed in blazing flames.
The sixfirhy disappears in a puff of smoke!
The sixfirhy explodes!
The fiery explosion engulfs you! You resist.
You die...
Xom giggles madly!

#......##.)###...###.......
#......##.§###....######...
#..######.5..>....# ###.
##.....##.5.35....######.##
#.......#...5....3........+
#.......#....>.....[......#
##..##.###..##....##..###'#
##############....##### #.≈
#.........@§§§5...'...###.≈
#........§§○§§....#...'..∩.
##..##.>##§§....#######≈≈.#
################ ##≈.# ##'#
#.. ###


You could see a white imp (summoned, inner flame).

Vanquished Creatures
  A two-headed ogre (D:10)
  A wolf spider zombie (D:9)
  Maggie (D:6)
  4 centaur skeletons (D:9)
  A hellwing (D:9)
  A troll (D:10)
  Grinder (D:4)
  Sigmund (D:4)
  2 wyverns (D:9)
  A steam dragon (D:7)
  An acid dragon (D:6)
  Duvessa (D:6)
  3 orc warriors
  A sky beast (D:6)
  2 black bears
  An ogre (D:5)
  6 centaurs
  2 phantoms
  3 kobold brigands
  A gnoll sergeant (D:10)
  2 scorpions
  A wyvern zombie (D:7)
  Dowan (D:6)
  8 wights
  3 hounds
  4 centaur zombies
  2 jellies
  5 orc priests
  A bullfrog skeleton (D:6)
  Ijyb (D:3)
  2 iguanas
  9 orc wizards
  Natasha (twice) (D:4)
  A hound skeleton (D:4)
  15 gnolls
  A howler monkey skeleton (D:7)
  6 adders
  4 shadow imps
  A white imp (D:5)
  3 adder skeletons
  2 worms
  4 dart slugs
  40 orcs
  4 ball pythons
  4 bats
  3 endoplasms
  4 giant cockroaches
  4 goblins
  11 hobgoblins
  2 jackals (D:1)
  20 kobolds
  A quokka (D:4)
  2 frilled lizards
  8 rats
  A snaplasher vine (D:10)
217 creatures vanquished.

Vanquished Creatures (collateral kills)
  2 centaur zombies (D:10)
  3 orcs (D:10)
5 creatures vanquished.

Vanquished Creatures (others)
  1113 foxfires
  4 fungi (D:2)
  4 plants (D:6)
  7 withered plants
1128 creatures vanquished.

Grand Total: 1350 creatures vanquished

Notes
Turn   | Place    | Note
-------+----------+-------------------------------------------
     0 | D:1      | 101zpm the Djinni Fire Elementalist began the quest for the
                  | Orb.
     0 | D:1      | Reached XP level 1. HP: 15/15 MP: 0/0
   294 | D:1      | Reached XP level 2. HP: 19/21 MP: 0/0
   678 | D:1      | Found a faded altar of an unknown god.
   679 | D:1      | Noticed a golden eye
   681 | D:1      | Noticed a golden eye
   820 | D:1      | Noticed an eye of devastation
   820 | D:1      | Noticed a great orb of eyes
   827 | D:1      | Reached skill level 3 in Spellcasting
  1053 | D:1      | Reached XP level 3. HP: 21/25 MP: 0/0
  1053 | D:1      | Learned a level 1 spell: Magic Dart
  2147 | D:2      | Identified the +7 falchion of Jocular Reinforcement
                  | {freeze, rN+ rCorr}
  2538 | D:2      | Reached XP level 4. HP: 29/31 MP: 0/0
  2574 | D:2      | Found a runed translucent door.
  2575 | D:2      | Noticed Crazy Yiuf
  4452 | D:3      | Reached skill level 4 in Spellcasting
  4452 | D:3      | Reached XP level 5. HP: 29/35 MP: 0/0
  4452 | D:3      | Learned a level 2 spell: Searing Ray
  4623 | D:3      | Noticed Ijyb
  4631 | D:3      | Killed Ijyb
  4941 | D:3      | Found a basalt altar of Yredelemnul.
  5523 | D:4      | Noticed Sigmund
  5530 | D:4      | Killed Sigmund
  5531 | D:4      | Reached skill level 5 in Spellcasting
  5531 | D:4      | Reached XP level 6. HP: 31/40 MP: 0/0
  5656 | D:4      | Reached XP level 7. HP: 41/45 MP: 0/0
  5656 | D:4      | Learned a level 3 spell: Lesser Beckoning
  5997 | D:4      | Found a staircase to the Ecumenical Temple.
  6008 | Temple   | Entered the Ecumenical Temple
  6105 | Temple   | Became a worshipper of Xom of Chaos
  6136 | D:4      | Noticed Grinder
  6141 | D:4      | Killed Grinder
  6142 | D:4      | Reached skill level 6 in Spellcasting
  6395 | D:4      | Reached XP level 8. HP: 20/50 MP: 0/0
  6449 | D:4      | XOM: cloud trail
  6764 | D:4      | Noticed Natasha
  6767 | D:4      | Killed Natasha
  6884 | D:4      | Noticed Natasha
  6888 | D:4      | Killed Natasha
  7034 | D:5      | Entered Level 5 of the Dungeon
  7045 | D:5      | XOM: swap monsters
  7235 | D:5      | Reached skill level 7 in Spellcasting
  7424 | D:5      | XOM is BORED!
  7927 | D:5      | XOM: god gift: 3 silver javelins
  7980 | D:5      | XOM: cloud trail
  8333 | D:6      | Noticed Duvessa
  8333 | D:6      | Noticed Dowan
  8338 | D:6      | Killed Duvessa
  8339 | D:6      | Reached skill level 8 in Spellcasting
  8339 | D:6      | Reached XP level 9. HP: 24/55 MP: 0/0
  8339 | D:6      | Learned a level 4 spell: Olgreb's Toxic Radiance
  8341 | D:6      | Killed Dowan
  8803 | D:6      | Found Delovuq's Weapon Shop.
  8874 | D:6      | Identified the +1 robe of Fortitude {+Blink rN+ rCorr}
  8936 | D:6      | Noticed Maggie
  8938 | D:6      | XOM: enchant monster (good)
  8968 | D:6      | Killed Maggie
  8969 | D:6      | Reached skill level 9 in Spellcasting
  9491 | D:6      | Found a blossoming altar of Fedhas.
  9504 | D:6      | XOM: give mutations
  9504 | D:6      | Gained mutation: You expend health (3 HP) to strengthen
                  | your wands. [Xom's grace]
  9504 | D:6      | Gained mutation: You have supernaturally acute eyesight.
                  | (SInv) [Xom's grace]
  9504 | D:6      | Gained mutation: You are partially covered in iridescent
                  | scales. (AC +2) [Xom's grace]
  9504 | D:6      | Gained mutation: You are somewhat resistant to further
                  | mutation. [Xom's grace]
  9658 | D:6      | XOM: butterfly on damage
 10133 | D:7      | XOM: scenery: summon butterflies
 10156 | D:7      | XOM: silly message
 10396 | D:7      | XOM: scenery: summon butterflies
 10407 | D:7      | XOM: god gift: plate armour {god gift}
 10429 | D:7      | Found an opulent altar of Gozag.
 10682 | D:7      | XOM: draining
 10889 | D:7      | XOM: silly message
 11127 | D:7      | XOM: torment (18/55 hp)
 11348 | D:8      | Reached skill level 10 in Spellcasting
 11348 | D:8      | Reached XP level 10. HP: 48/61 MP: 0/0
 11683 | D:8      | XOM: silly message
 12258 | D:8      | XOM: summons 6 hostile demons
 12414 | D:8      | XOM: noise
 12653 | D:8      | XOM: give mutations
 12653 | D:8      | Lost mutation: You are partially covered in iridescent
                  | scales. (AC +2) [Xom's mischief]
 12653 | D:8      | Gained mutation: Potions are less effective at restoring
                  | your health. [Xom's mischief]
 12653 | D:8      | Gained mutation: Armour fits poorly on your strangely
                  | shaped body. [Xom's mischief]
 12653 | D:8      | Lost mutation: You expend health (3 HP) to strengthen your
                  | wands. [Xom's mischief]
 12807 | D:9      | XOM: noise
 12883 | D:9      | XOM: god gift: staff of earth
 12888 | D:9      | XOM: give mutation
 12888 | D:9      | Gained mutation: Your muscles are strong. (Str +2) [Xom's
                  | grace]
 13010 | D:9      | XOM: cloud trail
 13199 | D:9      | Found Seogout's Lightly-Used Armoury.
 13260 | D:9      | Found a broken altar of Ashenzari.
 13260 | D:9      | XOM: 9-stop teleportation journey
 13348 | D:9      | XOM: confuse monster(s)
 13352 | D:9      | Reached skill level 11 in Spellcasting
 13361 | D:9      | Reached XP level 11. HP: 3/66 MP: 0/0
 13361 | D:9      | Learned a level 5 spell: Summon Forest
 13366 | D:9      | XOM: god gift: +4 spear of chaos
 13707 | D:9      | Reached skill level 12 in Spellcasting
 13793 | D:8      | XOM: give mutation
 13793 | D:8      | Gained mutation: Your skin changes colour to match your
                  | surroundings (Stealth+). [Xom's grace]
 13947 | D:9      | XOM: god gift: scroll labelled TUAFOS MAPP {god gift}
 13958 | D:9      | Found a hide-covered altar of Uskayaw.
 13969 | D:9      | Found a snail-covered altar of Cheibriados.
 14198 | D:10     | Entered Level 10 of the Dungeon
 14201 | D:10     | XOM: summons friendly ufetubus
 14557 | D:10     | Found Naoph's Assorted Antiques.
 14558 | D:10     | XOM: scenery: 1 doors close
 14617 | D:10     | Identified the +2 robe of Haunap {Rampage rPois Regen+
                  | Str-5}
 14708 | D:10     | Found a stormy altar of Qazlal.
 14753 | D:10     | XOM: god gift: book of Misfortune
 14885 | D:10     | Noticed a two-headed ogre
 14890 | D:10     | XOM: chaos upgrade
 14891 | D:10     | Killed a two-headed ogre
 14965 | D:10     | XOM: 3-stop teleportation journey
 15172 | D:10     | Bought a fizzy brown potion for 28 gold pieces
 15172 | D:10     | Bought a fuming green potion for 28 gold pieces
 15172 | D:10     | Bought a scroll labelled XAUTWARETUC for 32 gold pieces
 15172 | D:10     | Bought a scroll labelled NYELIW ELUI for 32 gold pieces
 15445 | D:6      | XOM: summons 6 hostile demons
 15446 | D:6      | Noticed a sixfirhy
 15472 | D:6      | Killed by an exploding sixfirhy... ignited by their inner
                  | flame

Illustrated notes

Levels and vault maps discovered:
D:1:      dpeg_arrival_yet_another_circle, layout_basic,
          hellmonk_ecumenical_altar_watching_god
D:2:      layout_basic, chequers_serial_rivers_small_a,
          minmay_misc_feat_encased, uniq_crazy_yiuf_cottage
D:3:      layout_loops_ring, lemuel_coloured_pillars_altar, kennysheep_doodads,
          kennysheep_big_empty_room, uniq_ijyb
D:4:      layout_gridville, minmay_temple_entry_statues_pillars, uniq_grinder,
          uniq_natasha, uniq_sigmund
D:5:      layout_loops_ring
D:6:      minmay_skewed_foursquare, layout_gridville,
          grunt_temple_overflow_growth_and_decay, serial_shops,
          nicolae_shop_hallway_plus, uniq_duvessa, uniq_maggie
D:7:      layout_rooms, nicolae_overflow_crystal_walls
D:8:      layout_loops_ring, minmay_unpleasant_kobolds
D:9:      cheibrodos_grave_circle, layout_basic, grunt_temple_overflow_diamond,
          minmay_shop_damaged, minmay_misc_feat_diagonals
D:10:     layout_rooms, vehumet_altar_wand_db, gammafunk_temple_overflow_pools,
          serial_shops, kennysheep_mini, lemuel_old_faithful
Temple:   ebering_untended_altars

Skill      XL: |  1  2  3  4  5  6  7  8  9 10 11 |
---------------+----------------------------------+-----
Spellcasting   | 3 4 5 6 8 10 11 12 | 12.7
Stealth        | 2 3 |  3.7
Dodging        | 3 4 |  4.1
Fighting       | |  0.9
Evocations     | |  0.4

Action                   |  1- 3 |  4- 6 |  7- 9 | 10-12 || total
-------------------------+-------+-------+-------+-------++-------
Melee: Falchion          |     7 |     2 |       |       ||     9
 Cast: Foxfire           |   113 |   153 |   255 |   174 ||   695
       Scorch            |     6 |    10 |    19 |    24 ||    59
       Inner Flame       |       |       |    55 |    51 ||   106
       Searing Ray       |       |       |       |     6 ||     6
       Flame Wave        |       |       |       |     6 ||     6
       Conjure Flame     |       |       |       |     2 ||     2
       Olgreb's Toxic Ra |       |       |       |     1 ||     1
       Summon Forest     |       |       |       |     1 ||     1
 Abil: Evoke Blink       |       |       |       |     1 ||     1
  Use: Scroll            |       |       |       |     8 ||     8
 Stab: Sleeping          |     1 |       |       |       ||     1
Armor: Robe              |     1 |     1 |     5 |    19 ||    26
Dodge: Dodged            |    12 |     7 |    10 |    28 ||    57
